 Dungeon Crawl Stone Soup version 0.32-a0-543-gefe97123c3 (webtiles) character file.

Game seed: 6946784478621345007

2 GordonOverkill the Sneak (level 1, -6/13 HPs)
             Began as a Deep Elf Delver on Feb 29, 2024.
             Was an Initiate of Vehumet.
             Mangled by a sleepcap (14 damage)
             ... on level 4 of the Dungeon.
             The game lasted 00:02:00 (335 turns).

GordonOverkill the Sneak (Deep Elf Delver)           Turns: 335, Time: 00:02:01

Health: -6/13      AC:  3    Str:  9    XL:     1   Next: 25%
Magic:  3/3        EV:  2    Int: 14    God:    Vehumet [......]
Gold:   8          SH:  0    Dex: 16    Spells: 0/0 levels left

rFire   . . .        a - +0 spear
rCold   . . .        (no shield)
rNeg    . . .        b - +0 leather armour
rPois   +            (no helmet)
rElec   +            (no cloak)
rCorr   .            (no gloves)
SInv    .            (no boots)
Will    .....        (no amulet)
Stlth   +++          h - ring of Miocuh Nauda {Wiz rElec}
HPRegen 0.22/turn    i - ring of poison resistance
MPRegen 0.08/turn

%: wizardry (x1)
@: sleeping, hasted
A: no striking features
a: Renounce Religion


You were on level 4 of the Dungeon.
You worshipped Vehumet.
Vehumet was noncommittal.
You visited 2 branches of the dungeon, and saw 4 of its levels.

You collected 8 gold pieces.

Inventory:

Hand Weapons
 a - a +0 spear (weapon)
Armour
 b - a +0 leather armour (worn)
Jewellery
 h - the ring of Miocuh Nauda (left hand) {Wiz rElec}
   (You found it on level 5 of the Dungeon)

   [ring of wizardry]

   Wiz:       It improves your spell success rate.
   rElec:     It insulates you from electricity.
 i - a ring of poison resistance (right hand)
Wands
 g - a wand of digging (3)
Scrolls
 c - a scroll of fog
 d - a scroll of revelation
 j - 2 scrolls of identify {unknown}
 k - a scroll of butterflies {unknown}


   Skills:
 + Level 2.5 Fighting
 - Level 1.3 Polearms
 - Level 2.4 Dodging
 - Level 6.0 Stealth


You couldn't memorise any spells.
You didn't know any spells.
Your spell library was empty.

Dungeon Overview and Level Annotations

Branches:
Dungeon (6/15)             Temple (1/1) D:4

Altars:
Ashenzari
Dithmenos
Elyvilon
Fedhas
Gozag
Hepliaklqana
Kikubaaqudgha
Okawaru
Qazlal
Sif Muna
Trog
Uskayaw
Vehumet
Wu Jian
Xom
Yredelemnul
Zin


Message History

A sleepcap comes into view.
Found 5 stones.
There is a staircase to the Ecumenical Temple here.
You climb downwards.
Welcome to the Ecumenical Temple!
Found a staircase back to the Dungeon.
There is a staircase back to the Dungeon here.
Found a radiant altar of Vehumet.
Found a hide-covered altar of Uskayaw.
There is a radiant altar of Vehumet here.
You kneel at the altar of Vehumet.
Vehumet welcomes you!
Unknown command.
Press < or > to pray at altars.
There is a staircase back to the Dungeon here.
You climb upwards.
There is a staircase to the Ecumenical Temple here.
There is a stone staircase leading down here.
You climb downwards.
There is a stone staircase leading up here.
A bombardier beetle comes into view.
There is a stone staircase leading up here.
You climb upwards.
There is a stone staircase leading down here.
You open the door.
An ogre comes into view. It is wielding a +0 giant club.
Found a stone staircase leading up.
The ogre shouts!
There is an open door here.
As you read the scroll of fear, it crumbles to dust.
You assume a fearsome visage.
The ogre looks frightened!
The sleepcap is unaffected.
The sleepcap barely misses you.
You feel yourself speed up. The sleepcap attacks as it pursues you!
The sleepcap closely misses you. The sleepcap attacks as it pursues you!
The sleepcap releases spores at you.
* * * LOW HITPOINT WARNING * * *
You are engulfed in a cloud of soporific spores!
You fall asleep.
The sleepcap releases spores at you!
Ouch! That really hurt!
You die...

...#............#
#.###..######..##
#.###..##### ###
#...........#
#..>........# ##
#'####+######
##..###.###..##
.......f.......
.......@.......
...............
##.............
#..###.#######
#.. #<# ... #..
.. #.. ##+


You could see a sleepcap.

Vanquished Creatures
  An orc (D:6)
1 creature vanquished.

Notes
Turn   | Place    | Note
-------+----------+-------------------------------------------
     0 | D:5      | GordonOverkill the Deep Elf Delver began the quest for the
                  | Orb.
     0 | D:5      | Reached XP level 1. HP: 13/13 MP: 3/3
     2 | D:5      | Found a shadowy altar of Dithmenos.
     4 | D:5      | Identified the ring of Miocuh Nauda {Wiz rElec}
     4 | D:5      | Noticed an ogre
    25 | D:6      | Noticed a gnoll bouda
   236 | D:4      | Found a staircase to the Ecumenical Temple.
   240 | D:4      | Noticed a sleepcap
   245 | Temple   | Entered the Ecumenical Temple
   255 | Temple   | Became a worshipper of Vehumet
   301 | D:5      | Noticed a bombardier beetle
   329 | D:4      | Noticed an ogre
   335 | D:4      | Mangled by a sleepcap

Illustrated notes

Levels and vault maps discovered:
D:4:      layout_gridville, minmay_temple_entry_statues_fountains, uniq_robin
D:5:      layout_gridville, mainiacjoe_overflow_catwalk, minmay_crystal_room,
          cheibrodos_gnoll_hut
D:6:      layout_rooms, jmf_multi_god_temple2, general_overflow_altar,
          uniq_maggie
Temple:   nicolae_temple_elliptical

Action                     || total
---------------------------++-------
  Melee: Spear             ||     2
    Use: Scroll            ||     1
         Potion            ||     1
 Armour: Leather armour    ||     2
  Dodge: Dodged            ||     2

Table legend: (Time is in decaauts)
 A = Elapsed time spent in this place.
 B = Non-inter-level travel time spent in this place.
 C = Inter-level travel time spent in this place.
 D = Time resting spent in this place.
 E = Time spent auto-exploring this place.
 F = Levels seen in this place.
 G = Mean time per level.
                   A        B        C        D        E       F      G
               +--------+--------+--------+--------+--------+-----+--------+
         Total |    334 |    286 |     48 |      0 |      0 |   4 |   83.5 |
       Dungeon |    314 |    284 |     30 |      0 |      0 |   3 |  104.7 |
        Temple |     20 |      2 |     18 |      0 |      0 |   1 |   20.0 |
               +--------+--------+--------+--------+--------+-----+--------+

Top non-repeatable levels by time:
     D:6: 173 daAuts
     D:5: 111 daAuts
     D:4: 29 daAuts
  Temple: 20 daAuts
